 Dungeon Crawl Stone Soup version 0.24-a0-769-g368c1644f8 (webtiles) character file.

Game seed: 11312120004694049494, levelgen mode: deterministic

2088 Coffinworm the Ruffian (level 9, -5/83 HPs)
             Began as a Troll Fighter on Oct 1, 2019.
             Was a Believer of Trog.
             Slain by a killer bee (8 damage)
             ... on level 7 of the Dungeon on Oct 6, 2019.
             The game lasted 00:44:58 (7151 turns).

Coffinworm the Ruffian (Troll Fighter)              Turns: 7151, Time: 00:44:59

Health: -5/83      AC:  6    Str: 27    XL:     9   Next: 6%
Magic:  8/8        EV: 11    Int:  5    God:    Trog [**....]
Gold:   344        SH: 10    Dex: 15    Spells: 8/8 levels left

rFire    . . .     SeeInvis .     - Unarmed
rCold    . . .     Gourm    +   b - +0 shield
rNeg     . . .     Faith    .   a - +0 robe
rPois    .         Spirit   .   (helmet restricted)
rElec    .         Reflect  .   (no cloak)
rCorr    .         Harm     .   (gloves unavailable)
MR       .....                  (boots unavailable)
Stlth    ++........             (no amulet)
HPRegen  0.63/turn              I - +5 ring of dexterity
MPRegen  0.11/turn              (no ring)

@: lethally poisoned (-5 -> -6)
A: large, unfitting armour, claws 3, fast metabolism 3, gourmand, regeneration
1, shaggy fur 1, tough skin 3
a: Berserk, Trog's Hand, Renounce Religion


You were on level 7 of the Dungeon.
You worshipped Trog.
Trog was pleased with you.
You were very full.

You visited 2 branches of the dungeon, and saw 8 of its levels.

You collected 344 gold pieces.

Inventory:

Hand Weapons
 o - a +0 falchion
 z - a +0 whip of holy wrath
Missiles
 g - 154 stones
 m - 4 javelins
 n - 40 poisoned darts
 u - 25 arrows
 x - 39 sling bullets
 y - 3 atropa-tipped darts
 C - 3 boomerangs
 D - 2 curare-tipped darts
 G - 9 boomerangs of dispersal (quivered)
Armour
 a - a +0 robe (worn)
 b - a +0 shield (worn)
Jewellery
 v - a +4 ring of strength
 I - a +5 ring of dexterity (left claw)
Wands
 t - a wand of clouds (1)
Scrolls
 j - 3 scrolls of identify {unknown}
 k - 3 scrolls of teleportation {unknown}
 p - 2 scrolls of remove curse {unknown}
 q - a scroll of random uselessness {unknown}
 s - a scroll of fog {unknown}
 w - a scroll of enchant armour {unknown}
 B - 3 scrolls of magic mapping {unknown}
 E - a scroll of immolation {unknown}
 F - a scroll of vulnerability {unknown}
Potions
 c - 3 potions of might
 e - a potion of magic {unknown}
 f - a potion of berserk rage {unknown}
 h - 2 potions of haste {unknown}
 i - 3 potions of heal wounds {unknown}
 l - a potion of flight {unknown}
 r - 2 potions of agility
 A - 2 potions of curing {unknown}
Comestibles
 d - 8 rations


   Skills:
 + Level 3.3 Fighting
 + Level 1.9 Maces & Flails
 + Level 2.7 Throwing
 + Level 4.6 Dodging
 + Level 1.3 Stealth
 + Level 5.4 Shields
 + Level 7.4 Unarmed Combat


You had 8 spell levels left.
You didn't know any spells.
Your spell library contained the following spells:

 Spells                   Type           Power        Failure   Level  Hunger
 Corona                   Hex            #......      75%         1    ##.....
 Call Imp                 Summ           #.......     86%         2    ###....
 Ensorcelled Hibernation  Hex/Ice        #.....       86%         2    ###....
 Confuse                  Hex            #.......     98%         3    ####...
 Dazzling Spray           Conj/Hex       #.....       98%         3    ####...
 Portal Projectile        Hex/Tloc       #.....       98%         3    ####...
 Recall                   Summ/Tloc      N/A          98%         3    ####...
 Tukima's Dance           Hex            #.......     98%         3    ####...


Dungeon Overview and Level Annotations

Branches:
Dungeon (7/15)             Temple (1/1) D:4

Altars:
Cheibriados
Dithmenos
Elyvilon
Fedhas
Kikubaaqudgha
Makhleb
Nemelex Xobeh
Okawaru
Qazlal
Ru
Sif Muna
Trog
Uskayaw
Vehumet
Wu Jian
Xom
Yredelemnul
Zin
The Shining One


Innate Abilities, Weirdness & Mutations

You are too large for most types of armour.
You have claws for hands.
Your metabolism is lightning-fast.
You like to eat raw meat.
Your natural rate of healing is unusually fast.
You are covered in fur. (AC +1)
You have extremely tough skin. (AC +3)


Message History

You barely miss the killer bee.
You feel sick. The killer bee stings you.
* * * LOW HITPOINT WARNING * * *
You block the killer bee's attack. The killer bee misses you.
You block the killer bee's attack.
The yak bellows!
You claw the killer bee!
The killer bee is severely wounded.
The killer bee stings you.
* * * LOW HITPOINT WARNING * * *
You are more poisoned.
The killer bee poisons you! You block the killer bee's attack.
The killer bee stings you.
* * * LOW HITPOINT WARNING * * *
You claw the killer bee!
You kill the killer bee!
Trog accepts your kill.
You feel sick. You block the killer bee's attack.
You scratch the yak but do no damage.
You feel sick. The killer bee closely misses you. The killer bee stings you!
You die...

#......)##...# #. #.. .
##....<....# ...##.###.. .##
#.........### ...#....># ..#
##...)......### ##........####.#
#.............. ##..$# #....#..#
##.....###.....
.....#####...#..#
##.#....##.....
.....##.##...##y###..##.#[..#.##
...........Y..YY@..........## #
......<........##........#####
...............##.........#..##
...Y..........................#
..........[.....####.........##
................# ##.......##
......##......### ##.....##
....#.........# ####.##
...###........# ###


You could see 3 yaks and a killer bee.

Vanquished Creatures
  An ice beast (D:7)
  A sky beast (D:5)
  2 ogres
  2 phantoms (D:6)
  An orc warrior (D:7)
  Blork the orc (D:6)
  A bullfrog (D:6)
  2 scorpions
  2 killer bees (D:7)
  A centaur zombie (D:6)
  2 howler monkeys
  3 bullfrog zombies
  2 jellies
  A bullfrog skeleton (D:4)
  5 orc priests
  3 hounds
  5 orc wizards
  3 iguanas
  7 worker ants
  A howler monkey zombie (D:5)
  9 adders
  An ooze (D:2)
  An adder zombie (D:5)
  4 worms
  3 dart slugs
  3 leopard geckos
  22 orcs
  2 ball pythons
  8 bats
  A giant cockroach (D:2)
  6 hobgoblins
  10 jackals
  4 quokkas
  5 frilled lizards
  9 goblins
  8 kobolds
  8 rats
150 creatures vanquished.

Notes
Turn   | Place    | Note
-------+----------+-------------------------------------------
     0 | D:1      | Coffinworm the Troll Fighter began the quest for the Orb.
     0 | D:1      | Reached XP level 1. HP: 22/22 MP: 0/0
   311 | D:1      | Reached XP level 2. HP: 29/29 MP: 1/1
  1152 | D:2      | Reached XP level 3. HP: 36/36 MP: 2/2
  1858 | D:2      | Reached skill level 1 in Throwing
  1896 | D:2      | Upgraded the game from 0.24-a0-725-gf1a930fc54 to
                  | 0.24-a0-736-g4e6fe308c7
  1912 | D:3      | Reached XP level 4. HP: 44/44 MP: 3/3
  3053 | D:3      | Reached skill level 3 in Unarmed Combat
  3053 | D:3      | Reached XP level 5. HP: 50/50 MP: 4/4
  3225 | D:5      | Entered Level 5 of the Dungeon
  3551 | D:4      | Found a sacrificial altar of Ru.
  3936 | D:4      | Found a staircase to the Ecumenical Temple.
  3945 | Temple   | Entered the Ecumenical Temple
  3946 | Temple   | Upgraded the game from 0.24-a0-736-g4e6fe308c7 to
                  | 0.24-a0-769-g368c1644f8
  3964 | Temple   | Became a worshipper of Trog the Wrathful
  4048 | D:4      | Reached XP level 6. HP: 58/59 MP: 5/5
  4232 | D:4      | Reached skill level 4 in Unarmed Combat
  4510 | D:4      | Reached XP level 7. HP: 66/66 MP: 6/6
  4541 | D:4      | Found a shimmering altar of Xom.
  4541 | D:4      | Found a shimmering blue altar of Sif Muna.
  4568 | D:4      | Found a faded altar of an unknown god.
  4576 | D:4      | Found a stormy altar of Qazlal.
  4582 | D:4      | Reached skill level 1 in Stealth
  4583 | D:4      | Found a shadowy altar of Dithmenos.
  4927 | D:5      | Identified Giukker's Incunabulum of Enthralling Calling
  4947 | D:5      | Reached skill level 5 in Unarmed Combat
  5056 | D:5      | Reached * piety under Trog
  5180 | D:5      | Reached skill level 1 in Maces & Flails
  5748 | D:6      | Noticed Blork the orc
  5759 | D:6      | Killed Blork the orc
  5775 | D:6      | Reached XP level 8. HP: 60/75 MP: 7/7
  5838 | D:6      | Reached skill level 6 in Unarmed Combat
  6126 | D:6      | Found a white marble altar of Elyvilon.
  6225 | D:6      | Reached skill level 5 in Shields
  6842 | D:6      | Reached ** piety under Trog
  6842 | D:6      | Reached skill level 7 in Unarmed Combat
  7107 | D:7      | Reached XP level 9. HP: 83/83 MP: 8/8
  7149 | D:7      | HP: 4/83 [killer bee (1)]
  7151 | D:7      | Slain by a killer bee

Levels and vault maps discovered:
D:1:      dpeg_arrival_rhombus, layout_basic, minmay_misc_feat_rows
D:2:      layout_loops_ring
D:3:      layout_basic, minmay_stone_trees_medium
D:4:      layout_loops_ring, chequers_temple_overflow_minitemple,
          overflow_temple_1_default, minmay_temple_entry_antechambers,
          first_ration, minmay_puff
D:5:      layout_basic
D:6:      minmay_octagon_keep, layout_cave_pools, elyvilon_altar_5,
          uniq_blork_the_orc
D:7:      layout_cave_pools, serial_column_ruins, column_ruins_columns_dead_end,
          column_ruins_columns_corner, column_ruins_grid_1,
          column_ruins_open_large, column_ruins_grid_1, column_ruins_open_medium
Temple:   nicolae_temple_x_marks_the_god

Skill      XL: |  1  2  3  4  5  6  7  8 |
---------------+-------------------------+-----
Shields        | 3 4 5 |  5.4
Throwing       | 1 2 |  2.7
Unarmed Combat | 3 4 5 7 |  7.4
Dodging        | 3 4 |  4.6
Stealth        | 1 |  1.3
Fighting       | 3 |  3.3
Maces & Flails | 1 |  1.9

Action                   |  1- 3 |  4- 6 |  7- 9 || total
-------------------------+-------+-------+-------++-------
Melee: Unarmed           |   129 |   156 |   192 ||   477
       Whip              |       |       |    50 ||    50
Throw: Stone             |    46 |     3 |       ||    49
       Dart              |       |       |    16 ||    16
       Boomerang         |       |       |     1 ||     1
 Stab: Sleeping          |     1 |       |       ||     1
  Eat: Chunk             |    21 |    18 |    15 ||    54
       Ration            |       |     1 |     4 ||     5
Armor: Robe              |    54 |    48 |    53 ||   155
Dodge: Dodged            |    47 |    46 |   111 ||   204
Block: Shield            |    72 |    74 |   145 ||   291

Table legend:
 A = Non-vault XP
 B = Vault XP
 C = Vault XP percentage of total XP
 D = Non-vault monster count
 E = Vault monster count
 F = Vault count percentage of total count
                 A         B        C        D         E       F
            +---------+---------+-------+---------+---------+-------
      Total |    2518 |     466 |  15.6 |     139 |      11 |   7.3
            +---------+---------+-------+---------+---------+-------
        D:1 |      37 |       0 |   0.0 |      22 |       0 |   0.0
        D:2 |      58 |       0 |   0.0 |      24 |       0 |   0.0
        D:3 |     140 |       0 |   0.0 |      28 |       0 |   0.0
        D:4 |     486 |     132 |  21.4 |      22 |       2 |   8.3
        D:5 |     470 |       0 |   0.0 |      11 |       0 |   0.0
        D:6 |     886 |     334 |  27.4 |      23 |       9 |  28.1
        D:7 |     441 |       0 |   0.0 |       9 |       0 |   0.0
            +---------+---------+-------+---------+---------+-------
